 Dungeon Crawl Stone Soup version 0.30-a0-591-g3c58d2bc28 (webtiles) character file.

Game seed: 13709901069158147128

2928 Dirtsage the Transmogrifier (level 9, -7/68 HPs)
             Began as an Octopode Transmuter on Jan 4, 2023.
             Was a Follower of the Shining One.
             Shot with an arrow by a centaur warrior (12 damage)
             ... on level 8 of the Dungeon on Jan 5, 2023.
             The game lasted 00:24:49 (8306 turns).

Dirtsage the Transmogrifier (Octopode Transmuter)   Turns: 8306, Time: 00:24:50

Health: -7/68      AC: 16    Str: 15    XL:     9   Next: 79%
Magic:  6/14       EV: 10    Int: 19    God:    the Shining One [*.....]
Gold:   477        SH:  0    Dex: 13    Spells: 4/15 levels left

rFire   x . .      SeeInvis .      - Unarmed
rCold   + + +      Faith    .    (shield currently unavailable)
rNeg    . . .      Spirit   .    (helmet currently unavailable)
rPois   +          Reflect  .    (no amulet)
rElec   .          Harm     .    C - ring of resist corrosion
rCorr   +          Rampage  .    i - +4 ring of protection
Will    .....                    w - +6 ring of strength
Stlth   +                        E - +4 ring of protection
HPRegen 0.31/turn                (no ring)
MPRegen 0.14/turn                (no ring)
                                 (no ring)
                                 (no ring)

@: ice-form (expiring), glowing
A: freezing attack, boosted hp, almost no armour, amphibious, 8 rings, large,
(camouflage 1), (gelatinous body 1), (nimble swimmer 1), (tentacles)
a: End Transformation, Renounce Religion, Divine Shield


You were on level 8 of the Dungeon.
You worshipped the Shining One.
The Shining One was aware of your devotion.
You were a creature of crystalline ice.
You visited 2 branches of the dungeon, and saw 9 of its levels.

You collected 505 gold pieces.
You spent 28 gold pieces at shops.

Inventory:

Missiles
 s - 2 silver javelins
 y - a throwing net
Jewellery
 i - a +4 ring of protection (right front paw)
 w - a +6 ring of strength (on tentacle)
 C - a ring of resist corrosion (left front paw)
 E - a +4 ring of protection (on tentacle)
Wands
 D - a wand of mindburst (31)
Scrolls
 b - a scroll of amnesia
 c - a scroll of enchant weapon
 g - a scroll of acquirement {unknown}
 k - a scroll of poison {unknown}
 m - a scroll of vulnerability {unknown}
 p - a scroll of teleportation {unknown}
 t - a scroll of enchant armour
 v - a scroll of fear {unknown}
 x - a scroll of fog {unknown}
 z - 3 scrolls of noise
 A - a scroll of immolation {unknown}
 B - a scroll of magic mapping {unknown}
Potions
 a - 2 potions of lignification
 d - 2 potions of might
 e - 2 potions of degeneration
 h - 2 potions of flight
 j - a potion of magic
 l - a potion of heal wounds
 n - a potion of resistance
 o - a potion of cancellation
 q - a potion of curing
 r - a potion of brilliance {unknown}
 u - a potion of mutation
 F - a potion of ambrosia {unknown}


   Skills:
 + Level 3.4 Fighting
 - Level 2.0 Dodging
 + Level 4.4 Unarmed Combat
 + Level 3.5 Spellcasting
 + Level 3.0 Summonings
 - Level 8.0 Transmutations
 - Level 8.0 Ice Magic
 + Level 2.5 Invocations


You had 4 spell levels left.
You knew the following spells:

 Your Spells              Type           Power      Damage    Failure   Level
a - Beastly Appendage     Tmut           66%        N/A       1%          1
b - Wereblood             Tmut           33%        N/A       1%          2
c - Ice Form              Ice/Tmut       33%        N/A       5%          4
d - Summon Ice Beast      Ice/Summ       24%        N/A       16%         4

Your spell library contained the following spells:

 Spells                   Type           Power      Damage    Failure   Level
 Frozen Ramparts          Ice            66%        1d10      1%          3
 Summon Small Mammal      Summ           56%        N/A       4%          1
 Ensorcelled Hibernation  Hex/Ice        36%        N/A       4%          2
 Passwall                 Tmut/Erth      15%        N/A       4%          2
 Spider Form              Tmut/Pois      18%        N/A       9%          3
 Call Canine Familiar     Summ           14%        N/A       13%         3
 Sandblast                Erth           6%         2d5       14%         1
 Summon Guardian Golem    Hex/Summ       9%         N/A       24%         3
 Stone Arrow              Conj/Erth      6%         3d7       41%         3
 Swiftness                Air            3%         N/A       41%         3


Dungeon Overview and Level Annotations

Branches:
Dungeon (8/15)             Temple (1/1) D:6
   Lair: D:8-11

Altars:
Dithmenos
Nemelex Xobeh
Okawaru
Sif Muna
Trog
Zin
The Shining One

Shops:
D:2 ?


Innate Abilities, Weirdness & Mutations

You are a creature of crystalline ice.
You have a powerful freezing melee attack.
Your maximum health is increased.
Your armour is entirely melded.
You are incapable of wielding weapons or throwing items.
You cannot wear most types of armour.
You are amphibious.
You can wear up to eight rings at the same time.
((Your skin changes colour to match your surroundings (Stealth+).))
((Your rubbery body absorbs attacks. (AC +1, EV +1)))
((You are camouflaged when in or above water. (Stealth+)))
((You have tentacles for arms and can constrict up to eight enemies at once.))


Message History

The troll claws you.
* * * LOW HITPOINT WARNING * * *
The troll claws you!
* * * LOW HITPOINT WARNING * * *
You take 9 damage, and have 8/68 hp.
You now have 2/14 mp.
You swap places.
The troll bites your ice beast! The troll barely misses your ice beast.
The troll claws your ice beast!
Your ice beast barely misses the troll.
Your magical contamination has completely faded away.
The troll barely misses your ice beast.
The troll claws your ice beast but does no damage.
The troll claws your ice beast.
Your ice beast hits the troll.
Your ice beast freezes the troll!
The troll bites your ice beast but does no damage.
The troll claws your ice beast!
Your ice beast dies!
Your ice beast disappears in a puff of smoke!
Casting: Summon Ice Beast (dangerous; 16% risk of failure)
Confirm with . or Enter, or press ? or * to list all spells.
A chill wind blows around you.
You now have 0/14 mp.
You swap places.
The troll closely misses your ice beast.
The troll claws your ice beast. The troll misses your ice beast.
Your ice beast hits the troll.
Your ice beast freezes the troll!
The troll barely misses your ice beast. The troll claws your ice beast!
The troll claws your ice beast.
Your ice beast barely misses the troll.
The troll closely misses your ice beast.
The troll claws your ice beast!
The troll claws your ice beast but does no damage.
Your ice beast hits the troll.
Your ice beast freezes the troll!
The troll barely misses your ice beast. The troll misses your ice beast.
The troll claws your ice beast.
Your ice beast hits the troll but does no damage.
You see here a potion of flight.
Your transformation is almost over.
The centaur warrior shoots an arrow.
The arrow hits you!!
* * * LOW HITPOINT WARNING * * *
The centaur warrior shoots an arrow.
The arrow hits you!
You die...

...T...#...##........#.##.#..##..
.#########.##....c...........##..
.......#..$##...T................
##.#####.#.##....................
.#.# ..#.#.##....#####...........
.#.###.#ยง#.##....####............
.....#.#T#.##.#...#..............
####T#.#c####.##.................
.....#.....###.#Y................
####.#.###.##..>.........(.......
#...# .##....#.#.............
##### .##)...................
.##....#.#........##...
.##....................
$##....[...........###.
c##.#..............# #.
####........... #.


You could see a centaur warrior and a troll.

Vanquished Creatures
  A cyclops (D:8)
  Prince Ribbit (D:6)
  A wyvern (D:7)
  A steam dragon (D:8)
  2 water moccasins
  A black bear (D:5)
  2 sky beasts (D:6)
  2 ogres
  2 centaurs (D:7)
  A phantom (D:6)
  2 bullfrogs
  2 necrophages
  A scorpion (D:4)
  5 wights (D:7)
  A jelly (D:5)
  2 orc priests (D:6)
  3 hounds
  A gnoll bouda (D:7)
  4 iguanas
  4 orc wizards
  8 gnolls
  7 adders
  2 shadow imps
  A white imp (D:7)
  An ufetubus (D:5)
  2 worms (D:2)
  A dart slug (D:1)
  16 orcs
  8 ball pythons
  5 bats
  5 endoplasms
  5 giant cockroaches
  4 hobgoblins
  4 quokkas
  3 frilled lizards (D:1)
  6 goblins
  3 kobolds
  4 rats (D:1)
124 creatures vanquished.

Vanquished Creatures (others)
  9 fungi (D:4)
9 creatures vanquished.

Grand Total: 133 creatures vanquished

Notes
Turn   | Place    | Note
-------+----------+-------------------------------------------
     0 | D:1      | Dirtsage the Octopode Transmuter began the quest for the
                  | Orb.
     0 | D:1      | Reached XP level 1. HP: 13/13 MP: 3/3
   308 | D:1      | Reached skill level 1 in Ice Magic
   308 | D:1      | Reached XP level 2. HP: 16/18 MP: 5/5
   739 | D:1      | Reached XP level 3. HP: 16/23 MP: 6/6
  1111 | D:2      | Found a glowing silver altar of Zin.
  1126 | D:2      | Found a faded altar of an unknown god.
  1278 | D:2      | HP: 1/23 [worm (12)]
  1423 | D:2      | Reached XP level 4. HP: 23/28 MP: 7/7
  1443 | D:2      | Found The Oracle's Delphic Readings.
  1453 | D:2      | Bought a scroll of identify for 28 gold pieces
  2185 | D:3      | Found a shimmering blue altar of Sif Muna.
  2710 | D:4      | Learned a level 2 spell: Wereblood
  2725 | D:4      | Reached XP level 5. HP: 27/33 MP: 8/8
  2765 | D:4      | Learned a level 4 spell: Ice Form
  2779 | D:4      | Noticed an ogre
  3041 | D:4      | Noticed an ogre
  3622 | D:5      | Entered Level 5 of the Dungeon
  3653 | D:5      | Reached XP level 6. HP: 15/38 MP: 7/9
  3898 | D:5      | Reached skill level 5 in Transmutations
  4081 | D:5      | Reached XP level 7. HP: 43/43 MP: 5/10
  4371 | D:5      | Reached skill level 5 in Ice Magic
  4949 | D:6      | Noticed Prince Ribbit
  4971 | D:6      | Reached XP level 8. HP: 43/48 MP: 4/11
  4977 | D:6      | Killed Prince Ribbit
  5187 | D:6      | Found an iron altar of Okawaru.
  5237 | D:6      | Found a staircase to the Ecumenical Temple.
  5296 | Temple   | Entered the Ecumenical Temple
  5303 | Temple   | Became a worshipper of the Shining One
  6072 | D:7      | Reached skill level 1 in Summonings
  6298 | D:7      | Reached XP level 9. HP: 35/54 MP: 5/12
  6420 | D:7      | Learned a level 4 spell: Summon Ice Beast
  6622 | D:7      | Reached * piety under the Shining One
  6826 | D:7      | Reached skill level 1 in Invocations
  7087 | D:7      | Found a sparkling altar of Nemelex Xobeh.
  7538 | D:8      | Noticed a cyclops
  7922 | D:8      | Killed a cyclops
  8218 | D:8      | Noticed a troll
  8240 | D:8      | Noticed a centaur warrior
  8246 | D:8      | HP: 2/68 [troll (6)]
  8306 | D:8      | Shot with an arrow by a centaur warrior

Illustrated notes

Levels and vault maps discovered:
D:1:      dpeg_arrival_tiny_d, layout_basic
D:2:      layout_loops_ring, basic_altar, hellmonk_ecumenical_altar_zigzags,
          solitary_fountain, kennysheep_nondescript, nicolae_nh_oracle_at_delphi
D:3:      layout_loops_ring, overflow_temple_1_default,
          minmay_stone_trees_medium
D:4:      layout_loops_cross, dreamdust_mushroom_princess
D:5:      layout_loops_ring, corexii_hall_statues_i
D:6:      layout_basic, okawaru_trees_2, temple_doors_e, uniq_prince_ribbit1
D:7:      layout_layer_cave, nemelex_spade_bored_becter
D:8:      layout_cave_pools, serial_glass, glass_columns_c, glass_columns_a,
          glass_columns_c, glass_columns_b, glass_columns_a, glass_columns_c,
          glass_columns_c, glass_columns_a, special_room [special_room_orc],
          wad_mini_maze
Temple:   nicolae_temple_superstar

Skill      XL: |  1  2  3  4  5  6  7  8  9 |
---------------+----------------------------+-----
Ice Magic      | 1 2 3 4 6 7 8 |  8.0
Transmutations | 3 4 5 6 7 8 |  8.0
Summonings     | 1 3 |  3.0
Fighting       | 3 |  3.4
Invocations    | 2 |  2.5
Spellcasting   | 3 |  3.5
Unarmed Combat | 4 |  4.4
Dodging        | |  2.0

Action                   |  1- 3 |  4- 6 |  7- 9 || total
-------------------------+-------+-------+-------++-------
Melee: Unarmed           |    85 |   110 |   193 ||   388
       Constrict         |    22 |    20 |       ||    42
       Tentacles         |    16 |    16 |       ||    32
       Kick              |    10 |    11 |       ||    21
       Punch             |       |     3 |       ||     3
Throw: Dart              |       |       |     2 ||     2
 Cast: Beastly Appendage |     3 |     4 |       ||     7
       Ice Form          |       |     6 |    28 ||    34
       Summon Ice Beast  |       |       |     3 ||     3
Invok: Divine Shield     |       |       |     1 ||     1
  Use: Scroll            |       |     2 |    10 ||    12
       Potion            |       |       |     3 ||     3
 Stab: Sleeping          |     4 |     6 |       ||    10
       Distracted        |     1 |       |       ||     1
Armor: Skin              |     6 |     7 |   108 ||   121
Dodge: Dodged            |    38 |    52 |   111 ||   201
Block: Other             |       |       |     2 ||     2

Table legend: (Time is in decaauts)
 A = Elapsed time spent in this place.
 B = Non-inter-level travel time spent in this place.
 C = Inter-level travel time spent in this place.
 D = Time resting spent in this place.
 E = Time spent auto-exploring this place.
 F = Levels seen in this place.
 G = Mean time per level.
                   A        B        C        D        E       F      G
               +--------+--------+--------+--------+--------+-----+--------+
         Total |   8286 |   8021 |    265 |    763 |   6014 |   9 |  920.7 |
       Dungeon |   8272 |   8013 |    259 |    763 |   6014 |   8 | 1034.0 |
        Temple |     14 |      8 |      6 |      0 |      0 |   1 |   14.0 |
               +--------+--------+--------+--------+--------+-----+--------+

Top non-repeatable levels by time:
     D:7: 1641 daAuts
     D:5: 1300 daAuts
     D:4: 1075 daAuts
     D:2: 1041 daAuts
     D:1: 1007 daAuts
     D:6: 955 daAuts
     D:8: 630 daAuts
     D:3: 619 daAuts
  Temple: 14 daAuts
